AoeStats
← Doak

Fortress

508332823Analyzed
4v4 RM · 10d ago on Sep 22, 2026· 18m 15s· 8 players
Game mode
Random Map
Map size
Huge
Population
200
Speed
Normal
Resources
Standard
Victory
Conquest
Starting age
Dark Age
Ending age
Imperial Age
RankedLock teamsTeams togetherTeam positionsShared explorationLock speedFull tech treeHidden civsTurbo modeCheats
Victory
Defeat
🇺🇸 Berbers · United States
1493
+13
🇺🇸 Muisca · United States
1363
+18
🇬🇧 Burgundians · United Kingdom
1360
+19
🇺🇸 Khmer · United States
1309
+22
🇨🇳 Goths · China
1495
-21
🇧🇷 Cumans · Brazil
1393
-17
🇨🇳 Wei · China
1392
-17
🇧🇷 Italians · Brazil
1390
-17
twitch.tv/markola86
7:08 Feudal Age
6:05 Loom
9:17 Wheelbarrow
8:28 Double-Bit Axe
8:24 Horse Collar
8:34 Gold Mining
9:08 Stone Mining
13:42 Castle Age
12:11 Fletching
13:16 Town Watch
13:36 Padded Archer Armor
16:21 Bodkin Arrow
Anil
7:08 Feudal Age
7:32 Horse Collar
7:41 Double-Bit Axe
13:07 Castle Age
12:31 Man-at-Arms
13:30 Scale Mail Armor
13:41 Forging
14:36 Wheelbarrow
13:46 Loom
14:26 Long Swordsman
17:06 Iron Casting
J4cK
0:26 Loom
7:56 Feudal Age
9:01 Double-Bit Axe
8:57 Horse Collar
15:53 Wheelbarrow
16:03 Fletching
2067
7:36 Feudal Age
11:11 Castle Age
9:44 Double-Bit Axe
9:49 Horse Collar
11:26 Gold Mining
12:25 Bow Saw
15:15 Scale Mail Armor
17:04 Forging
el_Feist
7:33 Feudal Age
8:37 Horse Collar
11:18 Castle Age
10:19 Double-Bit Axe
11:09 Loom
15:09 Scale Mail Armor
Almost600
7:30 Feudal Age
11:34 Castle Age
10:22 Scale Barding Armor
10:14 Double-Bit Axe
10:14 Horse Collar
11:00 Gold Mining
11:25 Bloodlines
11:07 Loom
12:50 Scale Barding Armor
14:20 Husbandry
Doak
2:28 Double-Bit Axe
3:36 Horse Collar
7:59 Feudal Age
12:26 Castle Age
11:08 Bow Saw
10:59 Gold Mining
11:43 Scale Barding Armor
11:58 Heavy Plow
13:23 Forging
15:44 Chain Barding Armor
some.spiced.ham
7:15 Feudal Age
10:11 Castle Age
9:51 Loom
Connection lost

Rejoining the realm…

Still unreachable

The connection could not be restored.

Session expired

The server has moved on; the page needs a fresh start.